 Dungeon Crawl Stone Soup version 0.23.0-3-gf3c87f2 (webtiles) character file.

Game seed: 11403452384223431618

151 Irenicus the Chopper (level 5, -1/46 HPs)
             Began as a Deep Dwarf Monk on Feb 23, 2019.
             Killed by divine providence
             ... invoked by an orc priest
              (9 damage)
             ... on level 3 of the Dungeon.
             The game lasted 00:07:14 (1368 turns).

Irenicus the Chopper (Deep Dwarf Monk)              Turns: 1368, Time: 00:07:15

Health: -1/46      AC:  3    Str: 15    XL:     5   Next: 11%
Magic:  5/5        EV: 14    Int: 10    God:
Gold:   93         SH:  0    Dex: 16    Spells: 4/4 levels left

rFire    . . .     SeeInvis .   a - +0 hand axe
rCold    . . .     Gourm    .   (no shield)
rNeg     . . .     Faith    .   b - +0 robe
rPois    .         Spirit   .   (no helmet)
rElec    .         Reflect  .   (no cloak)
rCorr    .         Harm     .   (no gloves)
MR       .....                  h - +0 pair of boots
Stlth    ++........             (no amulet)
HPRegen  0.00/turn              (no ring)
MPRegen  0.09/turn              (no ring)

@: non-regenerating
A: damage resistance, heal wounds, sense surroundings 1, no regeneration
a: Heal Wounds


You were on level 3 of the Dungeon.
You were hungry.

You visited 1 branch of the dungeon, and saw 3 of its levels.

You collected 93 gold pieces.

Inventory:

Hand Weapons
 a - a +0 hand axe (weapon)
Armour
 b - a +0 robe (worn)
 h - a +0 pair of boots (worn)
   (You found it on level 2 of the Dungeon)
Scrolls
 d - a scroll of amnesia {unknown}
 f - 2 scrolls of magic mapping {!r}
 g - a scroll of random uselessness {unknown}
 i - a scroll of remove curse
 j - a scroll of identify {unknown}
Potions
 e - a potion of cancellation {unknown}
Comestibles
 c - 5 rations
 k - a chunk of flesh {@w0}


   Skills:
 - Level 2.6 Fighting
 + Level 6.4 Axes
 - Level 3.2 Dodging
 - Level 2.4 Stealth


You had 4 spell levels left.
You didn't know any spells.
Your spell library was empty.

Dungeon Overview and Level Annotations

Branches:
Dungeon (3/15)

Altars:


Innate Abilities, Weirdness & Mutations

You are resistant to damage.
You can heal yourself by infusing magical energy.
You passively map a small area around you.
You do not regenerate.


Message History

You hit the bat. The bat misses you.
You hit the bat.
You kill the bat!
An adder comes into view.
You see here a glowing dark potion.
e - a glowing dark potion The kobold shouts!
The adder hisses angrily.
You hear a shout!
The kobold throws a stone.
The stone closely misses you.
An orc comes into view. It is wielding a +0 hand axe.
The orc shouts!
The kobold throws a stone.
The stone hits you but does no damage.
You see here a stone.
You closely miss the adder.
The kobold throws a stone.
The stone hits you but does no damage. The adder barely misses you.
You miss the adder. The adder barely misses you.
The kobold throws a stone.
The stone closely misses you.
You closely miss the adder. The adder misses you. The adder closely misses you.
The adder closely misses you.
You closely miss the orc. You hit the adder. The adder bites you.
You are poisoned.
The adder poisons you! The orc hits you with a +0 hand axe.
The orc wizard looks satisfied for a moment.
You take 5 damage, and have 19/40 hp.
You slash the orc!
You kill the orc!
You closely miss the adder. You hit the kobold but do no damage.
The adder barely misses you. The kobold hits you with a +0 dagger.
A quokka comes into view.
The adder barely misses you. The kobold closely misses you.
The orc wizard barely misses you.
You closely miss the orc wizard. You hit the kobold but do no damage.
You hit the adder but do no damage. The adder barely misses you.
The kobold hits you but does no damage.
The orc wizard hits you but does no damage.
You hit the orc wizard but do no damage.
You hit the kobold. You closely miss the adder. The adder misses you.
The kobold barely misses you. The orc wizard closely misses you.
You hit the adder. You closely miss the kobold. You hit the orc wizard.
The adder barely misses you. The kobold closely misses you.
The adder bites you.
You are more poisoned.
The adder poisons you!
The orc wizard gestures at you while chanting.
The magic dart hits you.
You take 6 damage, and have 13/40 hp.
You closely miss the adder. You closely miss the orc wizard.
You hit the kobold but do no damage. The kobold barely misses you.
The adder bites you.
The orc wizard hits you with a +0 dagger.
The quokka closely misses you.
You slash the adder!
You kill the adder!
You barely miss the kobold. You hit the quokka but do no damage.
You hit the orc wizard. The kobold hits you but does no damage.
The quokka bites you.
The orc wizard hits you but does no damage.
You hit the orc wizard but do no damage.
You hit the kobold but do no damage. You barely miss the quokka.
The kobold misses you.
The quokka bites you but does no damage.
The orc wizard hits you with a +0 dagger.
* * * LOW HITPOINT WARNING * * *
You take 1 damage, and have 12/40 hp.
You hit the quokka. You barely miss the kobold.
You hit the orc wizard but do no damage.
The quokka misses you. The kobold hits you with a +0 dagger.
The orc wizard begins to cast a cantrip, but forgets the words!
You hit the quokka.
You kill the quokka!
You feel your dexterity returning.
You hit the orc wizard but do no damage.
You hit the kobold. The kobold hits you with a +0 dagger.
* * * LOW HITPOINT WARNING * * *
The orc wizard completely misses you.
You take 4 damage, and have 8/40 hp.
You hit the orc wizard. You hit the kobold.
You kill the kobold!
The orc wizard hits you with a +0 dagger.
* * * LOW HITPOINT WARNING * * *
You take 2 damage, and have 6/40 hp.
You hit the orc wizard.
You kill the orc wizard!
You have reached level 5!
You regained 2 hp, and now have 8/46 hp.
MP restored: 5
Things that are here:
a +0 dagger; a +0 robe; an orc corpse A bat comes into view.
You open the door.
An orc and an orc priest come into view.
You are no longer poisoned.
There is an open door here.
An orc comes into view. It is wielding a +0 flail.
The orc priest shouts!
You hear a shout!
You hear an angry hiss.
An orc comes into view.
An orc comes into view. It is wielding a +0 falchion.
The orc shouts!
The orc priest invokes the aid of Beogh against you.
Beogh smites you!
You die...

*#..#...(.#.#............#
* #..
...###.(+........##### #..
.. * #..#.......## , , .
#..#.......# *
#..#.......# *, ,
#.b#.......# , *
,#.......# * *,,###'#####
, #@..# , , #....##.#
.......,..# ..#o... ..#
.oo#.....# * , ...oo..##.#
* .#..#..,..# # +#+# .# ,


You could see an orc priest and 4 orcs.

Vanquished Creatures
  An orc wizard (D:3)
  4 gnolls (D:3)
  3 adders (D:3)
  An ooze (D:1)
  A worm (D:3)
  A dart slug (D:1)
  A leopard gecko (D:2)
  An orc (D:3)
  3 hobgoblins
  9 jackals
  9 kobolds
  A quokka (D:3)
  2 ball pythons
  6 bats
  A goblin (D:1)
  5 rats
49 creatures vanquished.

Vanquished Creatures (others)
  An orc (D:3)
  4 toadstools (D:1)
5 creatures vanquished.

Grand Total: 54 creatures vanquished

Notes
Turn   | Place    | Note
-------+----------+-------------------------------------------
     0 | D:1      | Irenicus the Deep Dwarf Monk began the quest for the Orb.
     0 | D:1      | Reached XP level 1. HP: 20/20 MP: 1/1
    74 | D:1      | Reached skill level 4 in Axes
    74 | D:1      | Reached XP level 2. HP: 24/27 MP: 2/2
   581 | D:1      | Reached XP level 3. HP: 19/33 MP: 3/3
  1163 | D:3      | Reached skill level 5 in Axes
  1172 | D:3      | HP: 8/33 [gnoll (1)]
  1177 | D:3      | HP: 4/33 [gnoll (4)]
  1179 | D:3      | HP: 1/33 [gnoll (3)]
  1184 | D:3      | Reached XP level 4. HP: 28/40 MP: 4/4
  1254 | D:3      | HP: 7/40 [gnoll/+0 club (6)]
  1257 | D:3      | HP: 2/40 [gnoll/+0 club (5)]
  1300 | D:3      | Reached skill level 6 in Axes
  1345 | D:3      | HP: 8/40 [kobold/+0 dagger (4)]
  1347 | D:3      | Reached XP level 5. HP: 8/46 MP: 5/5
  1368 | D:3      | Killed from afar by an orc priest

Skill      XL: |  1  2  3  4 |
---------------+-------------+-----
Axes           | 4 5 6 |  6.4
Fighting       | |  2.6
Dodging        | |  3.2
Stealth        | |  2.4

Action                   |  1- 3 |  4- 6 || total
-------------------------+-------+-------++-------
Melee: Hand axe          |   137 |    68 ||   205
 Abil: Heal Wounds       |     2 |     1 ||     3
  Use: Scroll            |     3 |       ||     3
       Potion            |     2 |       ||     2
 Stab: Sleeping          |     3 |     1 ||     4
  Eat: Chunk             |       |     1 ||     1
Armor: Robe              |    30 |    19 ||    49
Dodge: Dodged            |   130 |    77 ||   207

Levels and vault maps discovered:
D:1:      ldierk_water_garden, layout_basic
D:2:      layout_basic, first_ration
D:3:      layout_basic

Table legend:
 A = Turns spent in this place as a percentage of turns spent in the entire game.
 B = Non-inter-level travel turns spent in this place as a percentage of non-inter-level travel turns spent in the entire game.
 C = Inter-level travel turns spent in this place as a percentage of turns spent in this place.
 D = Turns resting spent in this place as a percentage of non-inter-level travel turns spent in this place.
 E = Turns spent auto-exploring this place as a percentage of non-inter-level travel turns spent in this place.
 F = Non-inter-level travel turns spent in this place divided by the number of levels of this place that you've seen.
                   A       B       C       D       E      F
               +-------+-------+-------+-------+-------+----------------------
         Total | 100.0 | 100.0 |  15.8 |   0.0 |   0.0 | 384.0
       Dungeon | 100.0 | 100.0 |  15.8 |   0.0 |   0.0 | 384.0
               +-------+-------+-------+-------+-------+----------------------

Table legend:
 A = Kills in this place as a percentage of kills in entire the game.
 B = Kills by you in this place as a percentage of kills by you in the entire game.
 C = Kills by friends in this place as a percentage of kills by friends in the entire game.
 D = Other kills in this place as a percentage of other kills in the entire game.
 E = Experience gained in this place as a percentage of experience gained in the entire game.
 F = Experience gained in this place divided by the number of levels of this place that you have seen.
                   A       B       C       D       E      F
               +-------+-------+-------+-------+-------+----------------------
         Total | 100.0 | 100.0 |   N/A | 100.0 | 100.0 |  72.3
       Dungeon | 100.0 | 100.0 |   N/A | 100.0 | 100.0 |  72.3
               +-------+-------+-------+-------+-------+----------------------
